 Dungeon Crawl Stone Soup version 0.17-a0-1442-g10bb59b (webtiles) character file.

84 mrath the Vandal (level 4, -4/29 HPs)
             Began as a Halfling Hunter on June 27, 2015.
             Killed from afar by Sigmund (9 damage)
             ... with a puff of flame
             ... on level 3 of the Dungeon.
             The game lasted 00:32:55 (2365 turns).

mrath the Vandal (Halfling Hunter)                  Turns: 2365, Time: 00:32:55

Health: -4/29      AC:  3    Str: 12    XL:     4   Next: 74%
Magic:  13/13      EV: 14    Int: 10    God:
Gold:   142        SH:  4    Dex: 15    Spells: 0 memorised, 3 levels left

rFire  . . .     SeeInvis .     a - +2 hunting sling
rCold  . . .     Clarity  .     d - +0 leather armour
rNeg   + . .     SustAt   +     A - +0 buckler
rPois  .         Gourm    .     (no helmet)
rElec  .         Spirit   .     (no cloak)
rCorr  .         Warding  +     (no gloves)
rMut   .         Stasis   .     (no boots)
MR     .....                    l - amulet of warding
Stlth  ++........               w - ring of sustain attributes
                                f - ring of magical power

@: not resistant to hostile enchantments, unstealthy
A: mutation resistance 1
a: no special abilities


You were on level 3 of the Dungeon.
You were not hungry.

You visited 1 branch of the dungeon, and saw 3 of its levels.

You collected 142 gold pieces.

Inventory:

Hand weapons
 a - a +2 hunting sling (weapon)
 c - a +0 short sword
 u - a +0 hunting sling
 x - a +0 whip
Missiles
 b - 19 sling bullets (quivered)
 g - 57 stones
 j - 31 arrows
Armour
 d - a +0 leather armour (worn)
 h - a +0 robe
 i - a +0 cloak
 n - a +0 chain mail
 o - a +0 ring mail
 s - a +0 robe
 A - a +0 buckler (worn)
Jewellery
 f - a ring of magical power (left hand)
 l - an amulet of warding (around neck)
 q - an uncursed amulet of faith
 w - a ring of sustain attributes (right hand)
 y - an uncursed amulet of the gourmand
Scrolls
 p - a scroll of identify
Potions
 e - a potion of resistance {unknown}
 m - a potion of heal wounds {unknown}
 t - a potion of curing {unknown}
Comestibles
 k - 2 meat rations
 r - 2 beef jerkies
 v - a slice of pizza
 z - a bread ration


   Skills:
 + Level 1.8 Fighting
 + Level 0.3 Short Blades
 + Level 7.4 Slings
 + Level 0.7 Armour
 + Level 3.2 Dodging
 + Level 1.3 Stealth


You had 3 spell levels left.
You didn't know any spells.

Dungeon Overview and Level Annotations

Branches:
Dungeon (3/15)

Altars:
Cheibriados
Okawaru

Annotations:
D:3 Sigmund


Innate Abilities, Weirdness & Mutations

You are small and have problems with some larger weapons.
You are somewhat resistant to further mutation.


Message History

Sigmund flickers and vanishes!
Deactivating autopickup; reactivate with Ctrl-A.
Autopickup is now on.
Firing (i - inventory. (,) - cycle):
b - 19 sling bullets (quivered)
Press: ? - help, Shift-Dir - straight line, f - you
Okay, then.
Something hits you!
Deactivating autopickup; reactivate with Ctrl-A.
Autopickup is now on.
Deactivating autopickup; reactivate with Ctrl-A.
You clumsily bash something but do no damage.
Something barely misses you. Something barely misses you.
Something hits you but does no damage. You block its attack.
Something hits you!
* * * LOW HITPOINT WARNING * * *
A puff of flame appears from out of thin air!
The puff of flame hits you!
You die...

#.#..# ###.....# #....#
... #...## ###..# #.#
###..## #..####..#
##..# #.......#####
##.# #####.##......##
#.# #.....^..####..#
#.#
..##...........####.###
##.............@.....#
#..............#######
##..............#
................#
#...............#
##..............#
##............##
##..........##
###########


There were no monsters in sight!

Vanquished Creatures
  A worker ant (D:3)
  An adder (D:2)
  An ooze (D:2)
  A worm (D:2)
  2 giant geckos
  An orc (D:3)
  3 giant cockroaches
  7 hobgoblins
  4 jackals (D:2)
  4 kobolds
  2 quokkas
  A bat (D:2)
  2 giant newts
  3 goblins (D:1)
  8 rats
41 creatures vanquished.

Notes
Turn   | Place    | Note
--------------------------------------------------------------
     0 | D:1      | mrath the Halfling Hunter began the quest for the Orb.
     0 | D:1      | Reached XP level 1. HP: 14/14 MP: 1/1
    22 | D:1      | Reached skill level 6 in Slings
   326 | D:1      | Reached XP level 2. HP: 19/19 MP: 2/2
   362 | D:1      | Found a snail-covered altar of Cheibriados.
   963 | D:2      | Reached XP level 3. HP: 6/24 MP: 3/3
  1307 | D:2      | Reached skill level 7 in Slings
  1488 | D:2      | Reached XP level 4. HP: 29/29 MP: 4/4
  1558 | D:2      | Found an iron altar of Okawaru.
  2338 | D:3      | Noticed Sigmund
  2365 | D:3      | Killed from afar by Sigmund

Vault maps used:
D:1:      onia_arrival_larder, cheibriados_altar_1
D:2:      nicolae_overflow_crystal_walls
D:3:      uniq_sigmund

Action                   |  1- 3 |  4- 6 || total
-------------------------+-------+-------++-------
Melee: Short sword       |    22 |    15 ||    37
       Hunting sling     |       |     1 ||     1
 Fire: Hunting sling     |    47 |    23 ||    70
  Use: Scroll            |     8 |     7 ||    15
 Stab: Distracted        |     1 |       ||     1
       Sleeping          |     1 |       ||     1
  Eat: Bread ration      |     1 |       ||     1
